 Dungeon Crawl Stone Soup version 0.29-a0-275-g389c0b56f3 (webtiles) character file.

Game seed: 4047760344891146439

50 jmlagarto the Digger (level 3, -9/24 HPs)
             Began as a Merfolk Earth Elementalist on Mar 11, 2022.
             Was a Follower of Uskayaw.
             Killed by an exploding giant cockroach (33 damage)
             ... ignited by their inner flame
             ... on level 2 of the Dungeon.
             The game lasted 00:04:42 (1845 turns).

jmlagarto the Digger (Merfolk Earth Elementalist)   Turns: 1845, Time: 00:04:42

Health: -9/24      AC:  3    Str:  8    XL:     3   Next: 79%
Magic:  5/7        EV: 12    Int: 16    God:    Uskayaw [*.....]
Gold:   84         SH:  0    Dex: 14    Spells: 6/7 levels left

rFire   . . .      SeeInvis .   (no weapon)
rCold   . . .      Faith    +   (no shield)
rNeg    . . .      Spirit   .   b - +0 robe
rPois   .          Reflect  .   (no helmet)
rElec   .          Harm     .   (no cloak)
rCorr   .          Rampage  .   (no gloves)
Will    .....                   k - +0 pair of boots
Stlth   ++........              d - amulet of faith
HPRegen 0.08/turn               (no ring)
MPRegen 0.10/turn               (no ring)

@: no status effects
A: (nimble swimmer 2), mertail
a: Renounce Religion, Stomp


You were on level 2 of the Dungeon.
You worshipped Uskayaw.
Uskayaw was noncommittal.
You visited 1 branch of the dungeon, and saw 2 of its levels.

You collected 84 gold pieces.

Inventory:

Missiles
 a - 93 stones
Armour
 b - a +0 robe (worn)
 k - a +0 pair of boots (worn)
Jewellery
 d - an amulet of faith (around neck)
Scrolls
 f - a scroll of immolation
 i - 3 scrolls of amnesia {unknown}
 m - a scroll of noise {unknown}
 n - a scroll of identify {unknown}
 o - a scroll of silence {unknown}
 p - a scroll of teleportation {unknown}
Potions
 c - a potion of magic
 e - a potion of brilliance {unknown}
 g - 2 potions of might {unknown}
 h - a potion of haste {unknown}
 j - 2 potions of curing {unknown}
 l - a potion of lignification {unknown}


   Skills:
 + Level 2.6 Dodging
 + Level 2.4 Stealth
 + Level 2.9 Spellcasting
 + Level 1.3 Transmutations
 + Level 3.1 Earth Magic


You had 6 spell levels left.
You knew the following spells:

 Your Spells              Type           Power      Damage    Failure   Level
a - Sandblast             Erth           24%        2d8       5%          1

Your spell library contained the following spells:

 Spells                   Type           Power      Damage    Failure   Level
 Passwall                 Tmut/Erth      7%         N/A       12%         2
 Stone Arrow              Conj/Erth      14%        3d7       30%         3
 Petrify                  Tmut/Erth      9%         N/A       58%         4


Dungeon Overview and Level Annotations

Branches:
Dungeon (2/15)

Altars:
Uskayaw

Shops:
D:2 *


Innate Abilities, Weirdness & Mutations

((You are very nimble when in or above water. (Stealth+, EV+, Speed+++)))
Your lower body shifts to a powerful aquatic tail in water.


Message History

p - a scroll labelled POBLACKU DYLYW An endoplasm comes into view.
The endoplasm moves out of view.
An endoplasm is nearby!
You see here a scroll labelled ADWOONN APEKO.
Aiming: Sandblast (safe; 5% risk of failure)
Press: ? - help, Q - select action, (/) - cycle Shift-Dir - straight line, f - endoplasm
Aim: an endoplasm (wandering, hasn't noticed you, 98% to hit)
You miscast Sandblast.
You are very lightly contaminated with residual magic.
Nothing appears to happen.
The endoplasm quivers.
Aiming: Sandblast (safe; 5% risk of failure)
Press: ? - help, Q - select action, (/) - cycle Shift-Dir - straight line, f/p - endoplasm
Aim: an endoplasm (98% to hit)
The blast of sand hits the endoplasm!
You kill the endoplasm!
Your magical contamination has completely faded away.
f - 2 scrolls labelled ADWOONN APEKO (gained 1)
A giant cockroach comes into view.
As you read the scroll labelled ADWOONN APEKO, it crumbles to dust.
The creatures around you are filled with an inner flame!
It was a scroll of immolation.
Aiming: Sandblast (safe; 5% risk of failure)
Press: ? - help, Q - select action, (/) - cycle Shift-Dir - straight line, f - you
Okay, then.
The giant cockroach bites you but does no damage.
Aiming: Sandblast (safe; 5% risk of failure)
Press: ? - help, Q - select action, (/) - cycle Shift-Dir - straight line, f - giant cockroach
Aim: a giant cockroach (inner flame, 79% to hit)
The blast of sand misses the giant cockroach.
The giant cockroach misses you.
Aiming: Sandblast (safe; 5% risk of failure)
Press: ? - help, Q - select action, (/) - cycle Shift-Dir - straight line, f/p - giant cockroach
Aim: a giant cockroach (inner flame, 79% to hit)
The blast of sand hits the giant cockroach!
The giant cockroach explodes!
The fiery explosion engulfs you!!
Ouch! That really hurt!
You die...

#### ..... .....
.... #### ###§.#
##.. #§§§# .# #..##
###@#
.######...####...#
###........#...###
###..........###
................#
###........####....
###.>......# ###
.......##.##
.#####.##.#


There were no monsters in sight!

Vanquished Creatures
  An adder (D:1)
  A dart slug (D:1)
  5 endoplasms
  3 giant cockroaches
  A goblin (D:1)
  2 hobgoblins
  5 kobolds
  3 quokkas
  8 ball pythons
  3 bats (D:1)
  A frilled lizard (D:2)
  5 rats (D:1)
38 creatures vanquished.

Notes
Turn   | Place    | Note
-------+----------+-------------------------------------------
     0 | D:1      | jmlagarto the Merfolk Earth Elementalist began the quest
                  | for the Orb.
     0 | D:1      | Reached XP level 1. HP: 13/13 MP: 3/3
   202 | D:1      | Reached XP level 2. HP: 19/19 MP: 1/5
   541 | D:1      | Reached skill level 3 in Earth Magic
   919 | D:1      | Found a faded altar of an unknown god.
   923 | D:1      | Prayed at the altar of an unknown god.
   923 | D:1      | Became a worshipper of Uskayaw the Reveller
   923 | D:1      | Reached * piety under Uskayaw
  1041 | D:1      | Reached XP level 3. HP: 24/24 MP: 4/6
  1424 | D:1      | Reached ** piety under Uskayaw
  1560 | D:2      | Found Pidacheu's General Store.
  1845 | D:2      | Killed by an exploding giant cockroach... ignited by their
                  | inner flame

Illustrated notes

Levels and vault maps discovered:
D:1:      onia_arrival_handbag, layout_rooms,
          hellmonk_ecumenical_altar_inner_sanctum, serial_co_window_serial,
          co_window_corner_a, co_window_cross_1, co_window_paths_b,
          co_window_paths_a, co_window_paths_b, co_window_corner_b,
          co_window_broadway_a, co_window_of_opportunity_b, co_window_cross_3,
          co_window_2corner, co_window_4corner_b, glass_columns_c
D:2:      layout_rooms, serial_shops, nicolae_shop_advertising_works
          [nicolae_subvault_shop_adworks]

Skill      XL: |  1  2 |
---------------+-------+-----
Earth Magic    | 3 |  3.1
Dodging        | |  2.6
Stealth        | |  2.4
Spellcasting   | |  2.9
Transmutations | |  1.3

Action                   || total
-------------------------++-------
Melee: Unarmed           ||     3
 Cast: Sandblast         ||    57
  Use: Scroll            ||     1
Armor: Robe              ||     8
Dodge: Dodged            ||    19

Table legend: (Time is in decaauts)
 A = Elapsed time spent in this place.
 B = Non-inter-level travel time spent in this place.
 C = Inter-level travel time spent in this place.
 D = Time resting spent in this place.
 E = Time spent auto-exploring this place.
 F = Levels seen in this place.
 G = Mean time per level.
                   A        B        C        D        E       F      G
               +--------+--------+--------+--------+--------+-----+--------+
         Total |   1845 |   1734 |    111 |      0 |   1492 |   2 |  922.5 |
       Dungeon |   1845 |   1734 |    111 |      0 |   1492 |   2 |  922.5 |
               +--------+--------+--------+--------+--------+-----+--------+

Top non-repeatable levels by time:
     D:1: 1476 daAuts
     D:2: 369 daAuts
